 Dungeon Crawl Stone Soup version 0.30-a0-4-ga7cffc901d (webtiles) character file.

Game seed: 9155859050581975758

15 Setbun the Sneak (level 2, -2/17 HPs)
             Began as a Kobold Brigand on Aug 21, 2022.
             Slain by Sigmund
             ... wielding a +2 scythe of venom
              (7 damage)
             ... on level 2 of the Dungeon.
             The game lasted 00:00:29 (942 turns).

Setbun the Sneak (Kobold Brigand)                    Turns: 942, Time: 00:00:30

Health: -2/17      AC:  3    Str:  8    XL:     2   Next: 65%
Magic:  2/2        EV: 14    Int: 12    God:
Gold:   61         SH:  0    Dex: 16    Spells: 1/1 levels left

rFire   . . .      SeeInvis .    a - +2 dagger
rCold   . . .      Faith    .    (no shield)
rNeg    . . .      Spirit   .    b - +0 robe
rPois   .          Reflect  .    (no helmet)
rElec   .          Harm     .    c - +0 cloak
rCorr   .          Rampage  .    (no gloves)
Will    .....                    (no boots)
Stlth   ++++......               (no amulet)
HPRegen 0.05/turn                (no ring)
MPRegen 0.08/turn                (no ring)

@: no status effects
A: small, no large weapons, nightstalker 3
a: no special abilities


You were on level 2 of the Dungeon.
You visited 1 branch of the dungeon, and saw 2 of its levels.

You collected 61 gold pieces.

Inventory:

Hand Weapons
 a - a +2 dagger (weapon)
Missiles
 d - 9 poisoned darts (quivered)
 e - 3 curare-tipped darts
Armour
 b - a +0 robe (worn)
 c - a +0 cloak (worn)
Jewellery
 k - a ring of poison resistance
Scrolls
 h - 2 scrolls of enchant armour {unknown}
 i - a scroll of immolation {unknown}
 j - 2 scrolls of noise {unknown}
 l - a scroll of vulnerability {unknown}
 m - a scroll of amnesia {unknown}
 n - a scroll of identify {unknown}
Potions
 f - a potion of brilliance {unknown}
 g - a potion of lignification {unknown}


   Skills:
 - Level 2.1 Fighting
 + Level 4.1 Short Blades
 - Level 2.1 Throwing
 - Level 1.2 Dodging
 - Level 5.3 Stealth


You had one spell level left.
You didn't know any spells.
Your spell library contained the following spells:

 Spells                   Type           Power      Damage    Failure   Level
 Magic Dart               Conj           0%         1d3       32%         1
 Blink                    Tloc           0%         N/A       45%         2
 Lesser Beckoning         Tloc           0%         N/A       69%         3
 Animate Dead             Necr           0%         N/A       97%         4
 Manifold Assault         Tloc           0%         N/A       100%        5
 Haunt                    Necr/Summ      0%         N/A       100%        7
 Infestation              Necr           0%         N/A       100%        8


Dungeon Overview and Level Annotations

Branches:
Dungeon (2/15)

Altars:

Annotations:
D:2 Sigmund


Innate Abilities, Weirdness & Mutations

You are small and have problems with some larger weapons.
You are completely attuned to the shadows.


Message History

A gnoll comes into view. It is wielding a +0 spear.
A quokka comes into view.
A gnoll comes into view. It is wielding a +0 club.
The gnoll hits you with a +0 spear.
The adder hisses angrily.
You closely miss the adder.
The gnoll shouts!
The adder bites you. The gnoll hits you but does no damage.
You hear a shout!
You hit the adder.
The adder is moderately wounded.
The adder bites you.
You hit the adder.
The adder is moderately wounded.
The adder barely misses you.
Sigmund the Dreaded comes into view.
He is wielding a +2 scythe of venom.
The gnoll barely misses you. The quokka closely misses you.
You hit the adder.
The adder is heavily wounded.
The adder bites you. The quokka bites you.
* * * LOW HITPOINT WARNING * * *
You are too injured to fight recklessly!
You are too injured to fight recklessly!
You are too injured to fight recklessly!
You are too injured to fight recklessly!
You are too injured to fight recklessly!
You are too injured to fight recklessly!
You are too injured to fight recklessly!
You are too injured to fight recklessly!
You are too injured to fight recklessly!
You are too injured to fight recklessly!
You are too injured to fight recklessly!
You are too injured to fight recklessly!
You are too injured to fight recklessly!
The quokka attacks as you move away! The quokka closely misses you.
The adder closely misses you. The quokka attacks as you move away!
The quokka bites you.
* * * LOW HITPOINT WARNING * * *
Sigmund hits you from afar with a +2 scythe of venom!
You die...

.........# #
.........##..
............#
.........###.
..........##......
.....[†(..........
.........>...@....
.........###......
.......)...@rS....
###...#..##.gg...
###...###......
#....##......
##.##.........
###..# .. #...##
##.##.... ##..#
.###


You could see Sigmund, 2 gnolls, an adder and a quokka.

Vanquished Creatures
  An endoplasm (D:2)
  A giant cockroach (D:1)
  3 goblins (D:1)
  A hobgoblin (D:2)
  A quokka (D:1)
  4 ball pythons (D:1)
  2 kobolds
  A rat (D:1)
14 creatures vanquished.

Notes
Turn   | Place    | Note
-------+----------+-------------------------------------------
     0 | D:1      | Setbun the Kobold Brigand began the quest for the Orb.
     0 | D:1      | Reached XP level 1. HP: 12/12 MP: 1/1
   237 | D:1      | Reached XP level 2. HP: 11/17 MP: 2/2
   461 | D:1      | Found a faded altar of an unknown god.
   466 | D:1      | Got Plato's Compilation of Battling
   939 | D:2      | Noticed Sigmund
   942 | D:2      | Slain by Sigmund

Illustrated notes

Levels and vault maps discovered:
D:1:      mrwooster_arrival_statue, layout_basic,
          shapermc_ecumenical_altar_rom_forum, serial_park_tiny_1,
          chequers_serial_rivers_room_a
D:2:      layout_rooms, serial_shops, shop, nicolae_wormholes, uniq_sigmund

Skill      XL: |  1  2 |
---------------+-------+-----
Short Blades   | 3 4 |  4.1
Fighting       | |  2.1
Throwing       | |  2.1
Dodging        | |  1.2
Stealth        | |  5.3

Action                   || total
-------------------------++-------
Melee: Dagger            ||    24
 Stab: Sleeping          ||    11
Armor: Robe              ||     1
Dodge: Dodged            ||     9

Table legend: (Time is in decaauts)
 A = Elapsed time spent in this place.
 B = Non-inter-level travel time spent in this place.
 C = Inter-level travel time spent in this place.
 D = Time resting spent in this place.
 E = Time spent auto-exploring this place.
 F = Levels seen in this place.
 G = Mean time per level.
                   A        B        C        D        E       F      G
               +--------+--------+--------+--------+--------+-----+--------+
         Total |    937 |    891 |     46 |      0 |    800 |   2 |  468.5 |
       Dungeon |    937 |    891 |     46 |      0 |    800 |   2 |  468.5 |
               +--------+--------+--------+--------+--------+-----+--------+

Top non-repeatable levels by time:
     D:1: 842 daAuts
     D:2: 95 daAuts
